 Dungeon Crawl Stone Soup version 0.20.1-1-g8b1a95d (webtiles) character file.

98 Folque the Magician (level 4, -2/31 HPs)
             Began as an Octopode Wizard on Nov 4, 2017.
             Slain by a bullfrog skeleton (6 damage)
             ... on level 3 of the Dungeon.
             The game lasted 00:08:35 (2272 turns).

Folque the Magician (Octopode Wizard)               Turns: 2272, Time: 00:08:37

Health: -2/31      AC:  2    Str:  6    XL:     4   Next: 69%
Magic:  2/9        EV: 13    Int: 21    God:
Gold:   122        SH:  0    Dex: 10    Spells: 2/10 levels left

rFire    . . .     SeeInvis .   o - +1 spear
rCold    . . .     Gourm    .   (no shield)
rNeg     . . .     Faith    .   a - +1 hat
rPois    .         Spirit   .   (no amulet)
rElec    .         Reflect  .   w - ring of flight
rCorr    .         Harm     .   (no ring)
MR       .....                  (no ring)
Stlth    +++.......             (no ring)
Regen    0.1/turn               (no ring)
MPRegen  0.2/turn               (no ring)
                                (no ring)
                                (no ring)

@: no status effects
A: almost no armour, stealthy swim, amphibious, 8 rings, constrict 8, camouflage
1, gelatinous body 1
a: Evoke Flight


You were on level 3 of the Dungeon.
You were not hungry.

You visited 1 branch of the dungeon, and saw 3 of its levels.

You collected 122 gold pieces.

Inventory:

Hand Weapons
 g - a +0 dagger
 o - a +1 spear (weapon)
Armour
 a - a +1 hat (worn)
 e - a +0 leather armour
Jewellery
 w - a ring of flight (left tentacle)
Scrolls
 f - 7 scrolls of identify
 i - a scroll of teleportation {unknown}
 l - a scroll of enchant weapon
Potions
 d - 3 potions of curing {unknown}
 h - a potion of brilliance {unknown}
 j - a potion of ambrosia {unknown}
 k - 2 potions of heal wounds {unknown}
 m - a potion of flight {unknown}
 n - a potion of invisibility {unknown}
 q - a potion of magic {unknown}
 v - a potion of agility {unknown}
Books
 b - a book of Minor Magic

   Spells                             Type                      Level
   a - Magic Dart                     Conjuration                  1
   b - Blink                          Translocation                2
   c - Call Imp                       Summoning                    2
   d - Slow                           Hexes                        2
   e - Conjure Flame                  Conjuration/Fire             3
   f - Mephitic Cloud                 Conjuration/Poison/Air       3
Comestibles
 c - 3 bread rations
 s - a royal jelly


   Skills:
 - Level 3.0 Fighting
 - Level 2.0 Dodging
 - Level 2.6 Stealth
 + Level 3.5 Spellcasting
 + Level 2.0 Conjurations
 - Level 1.0 Summonings
 - Level 1.0 Translocations
 * Level 0.0 Poison Magic


You had 2 spell levels left.
You knew the following spells:

 Your Spells              Type           Power        Failure   Level  Hunger
a - Magic Dart            Conj           ##..         5%          1    None
b - Call Imp              Summ           #.......     13%         2    ##.....
c - Blink                 Tloc           N/A          13%         2    ##.....
d - Mephitic Cloud        Conj/Pois/Air  #.......     28%         3    ###....


Dungeon Overview and Level Annotations

Branches:
Dungeon (3/15)

Altars:


Innate Abilities, Weirdness & Mutations

You cannot wear most types of armour.
You are very stealthy in the water. (Stealth+)
You are amphibious.
You can wear up to eight rings at the same time.
You can use your tentacles to constrict eight enemies at once.
Your skin changes colour to match your surroundings (Stealth+).
Your rubbery body absorbs attacks. (AC +1, EV +1)


Message History

Confirm with . or Enter, or press ? or * to list all spells.
You blink.
You lose your grip on the bullfrog skeleton.
Found a scroll labeled ROOF YTU GAF.
Casting: Blink
Confirm with . or Enter, or press ? or * to list all spells.
A beastly little devil appears in a puff of flame.
The bullfrog skeleton closely misses you.
Casting: Call Imp
Confirm with . or Enter, or press ? or * to list all spells.
You blink.
Casting: Blink
Confirm with . or Enter, or press ? or * to list all spells.
You blink.
The bullfrog skeleton closely misses you.
The bullfrog skeleton hits you.
* * * LOW HITPOINT WARNING * * *
Your crimson imp blinks!
The bullfrog skeleton hits you.
You die...

... ... .. #.# ###. #.#
...###.# .# .. ##########
#..##.# .# ... .........#
#.....###### .# ..#
.........#
#..........###.##..#
.....(...#
#...............[...
(........# #....@..........#
.........####.#Z##.....)...#
.........#......##.....#..##
#.#.#.......#.........##.##
.......<..#....##.....#..#
#####......ยง......#.#.#<##
.....##.............#.#
##..###.5#######.....#.#
#.###..## ###.....###


You could see a bullfrog skeleton and a friendly crimson imp.

Vanquished Creatures
  3 adders
  An ooze (D:1)
  2 worms (D:2)
  3 dart slugs
  2 leopard geckos
  3 giant cockroaches
  8 goblins
  4 hobgoblins
  A quokka (D:3)
  3 bats
  A frilled lizard (D:1)
  8 rats
39 creatures vanquished.

Vanquished Creatures (collateral kills)
  3 adders
  A worm (D:2)
  A bat (D:3)
5 creatures vanquished.

Grand Total: 44 creatures vanquished

Notes
Turn   | Place    | Note
-------+----------+-------------------------------------------
     0 | D:1      | Folque the Octopode Wizard began the quest for the Orb.
     0 | D:1      | Reached XP level 1. HP: 11/11 MP: 4/4
    43 | D:1      | Reached skill level 1 in Fighting
    43 | D:1      | Reached XP level 2. HP: 10/18 MP: 3/6
   668 | D:1      | Reached XP level 3. HP: 24/24 MP: 7/7
  1097 | D:2      | Learned a level 2 spell: Call Imp
  1100 | D:2      | Learned a level 2 spell: Blink
  1319 | D:2      | Reached XP level 4. HP: 20/31 MP: 1/9
  1324 | D:2      | Learned a level 3 spell: Mephitic Cloud
  2272 | D:3      | Slain by a bullfrog skeleton

Skill      XL: |  1  2  3  4 |
---------------+-------------+-----
Fighting       | 1 2 3 |  3.0
Conjurations   | 2 |  2.0
Dodging        | |  2.0
Stealth        | |  2.6
Spellcasting   | |  3.5
Summonings     | |  1.0
Translocations | |  1.0

Action                   |  1- 3 |  4- 6 || total
-------------------------+-------+-------++-------
Melee: Unarmed           |     7 |       ||     7
       Dagger            |    37 |       ||    37
       Constrict         |    18 |     8 ||    26
       Tentacles         |     8 |     3 ||    11
       Spear             |    50 |    59 ||   109
 Cast: Magic Dart        |     9 |     1 ||    10
       Call Imp          |     5 |     8 ||    13
       Blink             |       |     3 ||     3
  Use: Scroll            |     1 |     7 ||     8
 Stab: Sleeping          |     5 |     7 ||    12
  Eat: Chunk             |     1 |     4 ||     5
Armor: Skin              |     5 |     9 ||    14
Dodge: Dodged            |    40 |    36 ||    76
